Sharks vs Blues
Created - February 3, 2023 at 19:09
Goals
|
| Sharks |
1 |
1 |
2 |
4 |
| Blues |
2 |
3 |
1 |
6 |
|
Shots
|
| Sharks |
13 |
7 |
8 |
28 |
| Blues |
13 |
13 |
13 |
39 |
|
1st period
1. Blues , Tyler Johnson 14 (Alex Pietrangelo 24, Filip Forsberg 22) at 1:00
2. Blues , Nikolaj Ehlers 6 (Adam Henrique 23, Alex Pietrangelo 25) at 12:29
3. Sharks , Gustav Nyquist 6 (Loui Eriksson 2, Brendan Gaunce 6) at 13:46
Penalties :
Joe Pavelski (S.J) for Roughing (Minor) at 17:30
2nd period
4. Sharks , Gustav Nyquist 7 (Loui Eriksson 3, Brendan Gaunce 7) at 9:11
5. Blues , Filip Forsberg 21 (Alex Pietrangelo 26, Adam Henrique 24) at 9:48 (PP)
6. Blues , David Perron 18 (Nathan MacKinnon 20, Adam Henrique 25) at 12:37
7. Blues , Nikolaj Ehlers 7 (Seth Jones 24, Adam Henrique 26) at 15:49
Penalties :
Nathan MacKinnon (Stl) for Holding Stick (Minor) at 1:10, Tyler Cuma (S.J) for High sticking (Minor) at 5:50, Joe Pavelski (S.J) for Hooking (Minor) at 9:45, Adam Henrique (Stl) for Tripping (Minor) at 10:16, Devin Setoguchi (Stl) for Interference (Minor) at 16:47
3rd period
8. Sharks , Daniel Carcillo 3 (Drew Doughty 26) at 0:36
9. Sharks , Joe Pavelski 7 (Drew Doughty 27, Ronalds Kenins 18) at 3:13
10. Blues , Nick Schmaltz 1 (Drew Shore 5, Adam Henrique 27) at 17:22
Penalties :
Wayne Simmonds (S.J) for Interference (Minor) at 4:34, Markus Nutivaara (S.J) for Boarding (Minor) at 8:47
Goalie Stats
Philipp Grubauer (S.J), 33 saves from 39 shots - (0.846), L, 12-14-5, 60:00 minutes
Carey Price (Stl), 24 saves from 28 shots - (0.857), W, 20-6-3, 60:00 minutes
Players Stats for Sharks
Player Name G A P +/- PIM S H SB GA TA FO MP PP MP PK MP
------------------------------------------------------------------------------------
Boone Jenner 0 0 0 0 0 1 1 0 0 0 5/13 16:05 2:42 1:02
Brandon Dubinsky 0 0 0 -1 0 1 3 1 0 0 11/27 23:35 3:11 4:10
Brendan Gaunce 0 2 2 2 0 0 0 0 0 0 1/4 6:48 0:00 0:13
Conor Sheary 0 0 0 -2 0 1 1 2 0 0 0/0 10:58 0:04 0:00
Daniel Carcillo 1 0 1 0 0 5 0 0 1 0 0/1 16:13 2:42 1:36
David Booth 0 0 0 -2 0 2 2 2 0 0 0/0 11:41 0:04 0:17
Dion Phaneuf 0 0 0 0 0 1 2 1 0 1 0/0 21:03 2:51 3:24
Drew Doughty 0 2 2 -2 0 2 2 0 0 0 0/0 28:01 3:06 4:35
Gustav Nyquist 2 0 2 2 0 2 0 0 1 0 0/0 6:35 0:00 0:00
Joe Pavelski 1 0 1 -1 4 2 3 0 1 0 5/7 22:58 3:11 3:09
Karl Alzner 0 0 0 0 0 1 0 0 0 1 0/0 21:03 2:51 3:24
Loui Eriksson 0 2 2 2 0 1 1 0 0 0 1/3 9:17 0:04 2:21
MacKenzie Weegar 0 0 0 1 0 0 0 0 1 0 0/0 11:54 0:00 0:58
Markus Nutivaara 0 0 0 1 2 1 0 0 0 0 0/0 10:56 0:00 0:00
Oscar Sundqvist 0 0 0 -2 0 2 1 1 1 0 4/9 10:37 0:00 0:00
Ronalds Kenins 0 1 1 -1 0 3 0 0 0 1 0/2 20:50 3:11 1:56
Tyler Cuma 0 0 0 -2 2 0 2 1 3 1 0/0 27:32 3:06 3:37
Wayne Simmonds 0 0 0 0 2 3 4 1 0 1 0/0 15:50 2:42 1:14
Players Stats for Blues
Player Name G A P +/- PIM S H SB GA TA FO MP PP MP PK MP
------------------------------------------------------------------------------------
Adam Henrique 0 5 5 1 2 3 1 0 0 0 9/19 16:47 4:09 0:51
Alex Pietrangelo 0 3 3 -1 0 1 4 1 1 2 0/0 24:36 5:58 0:00
Brandon Montour 0 0 0 1 0 0 0 0 0 0 0/0 17:49 2:01 2:30
Cody Ceci 0 0 0 1 0 0 1 1 0 1 0/0 17:35 0:00 3:27
David Perron 1 0 1 1 0 3 1 1 1 1 0/0 17:15 3:50 1:33
Devin Setoguchi 0 0 0 0 2 1 0 1 0 0 0/0 11:37 0:00 0:00
Devin Shore 0 0 0 0 0 0 2 1 0 0 3/6 13:32 0:00 1:53
Drew Shore 0 1 1 0 0 1 1 0 0 0 5/5 9:13 0:00 2:59
Filip Forsberg 1 1 2 0 0 3 1 1 1 0 1/1 20:28 4:09 0:00
Jacob Slavin 0 0 0 0 0 1 3 1 0 1 0/0 27:19 5:58 2:30
Martin Marincin 0 0 0 0 0 2 0 0 0 1 0/0 13:18 0:00 3:27
Matt Martin 0 0 0 0 0 1 1 0 2 1 0/0 11:20 0:00 0:00
Nathan MacKinnon 0 1 1 1 2 3 1 0 0 0 18/32 20:49 3:50 0:14
Nick Schmaltz 1 0 1 0 0 2 0 0 0 0 0/0 6:14 0:00 0:00
Nikolaj Ehlers 2 0 2 0 0 6 0 0 0 0 1/1 15:20 3:50 0:00
Samuel Morin 0 0 0 0 0 2 2 0 0 0 0/0 7:55 0:00 1:22
Seth Jones 0 1 1 1 0 3 1 5 0 0 0/0 19:23 2:01 0:00
Tyler Johnson 1 0 1 0 0 7 1 0 0 1 2/2 23:30 4:09 3:02
3 Stars
1 - Adam Henrique (Stl)
2 - Gustav Nyquist (S.J)
3 - Nikolaj Ehlers (Stl)
Power Play
Sharks - 0 on 3 Attempt(s) - 0.00%
Blues - 1 on 5 Attempt(s) - 20.00%
Penalty Kill
Sharks - 4 on 5 Attempt(s) - 80.00%
- Score 0 goal in Penalty Kill
Blues - 3 on 3 Attempt(s) - 100.00%
- Score 0 goal in Penalty Kill
Team Stat
Sharks - Hits : 22 - Faceoff Wins : 27 - Blocked Shots : 9 - Penalty Minutes : 10
Blues - Hits : 20 - Faceoff Wins : 39 - Blocked Shots : 12 - Penalty Minutes : 6
Official
Referees : Jacob Brenk and Brandon Schrader
Linesman : Mark Shewchyk and Derek Nansen
Game Notes
No Game Note
Finance
Level 1 -- Attendance: 6000 (100.00%) -- Ticket Income $600,000
Level 2 -- Attendance: 4930 (98.60%) -- Ticket Income $295,800
Level 3 -- Attendance: 2000 (100.00%) -- Ticket Income $70,000
Level 4 -- Attendance: 3954 (98.85%) -- Ticket Income $98,850
Luxury Box -- Attendance: 1000 (100.00%) -- Ticket Income $200,000
Game was played at the Enterprise Center.
Total Attendance: 17884 (99.36%)
Total Ticket Income: $1,264,650
Other Income: $189,698
Total Income: $1,454,348
Sharks
5 vs 5 Forward
Center Left Wing Right Wing Time % Phy DF OF
1 Brandon Dubinsky Ronalds Kenins Joe Pavelski 40 1 2 2
2 Boone Jenner Daniel Carcillo Wayne Simmonds 30 1 2 2
3 Oscar Sundqvist David Booth Conor Sheary 20 1 2 2
4 Brendan Gaunce Gustav Nyquist Loui Eriksson 10 1 2 2
5 vs 5 Defense
Defense Defense Time % Phy DF OF
1 Drew Doughty Tyler Cuma 40 1 2 2
2 Dion Phaneuf Karl Alzner 30 1 2 2
3 Markus Nutivaara MacKenzie Weegar 20 1 2 2
4 Drew Doughty Tyler Cuma 10 1 2 2
PowerPlay Forward
Center Left Wing Right Wing Time % Phy DF OF
1 Brandon Dubinsky Ronalds Kenins Joe Pavelski 60 1 2 2
2 Boone Jenner Daniel Carcillo Wayne Simmonds 40 1 2 2
PowerPlay Defense
Defense Defense Time % Phy DF OF
1 Drew Doughty Tyler Cuma 60 1 2 2
2 Dion Phaneuf Karl Alzner 40 1 2 2
Penalty Kill 4 Players Forward
Center Wing Time % Phy DF OF
1 Joe Pavelski Brandon Dubinsky 60 1 2 2
2 Wayne Simmonds Ronalds Kenins 40 1 2 2
Penalty Kill 4 Players Defense
Defense Defense Time % Phy DF OF
1 Drew Doughty Tyler Cuma 60 1 2 2
2 Dion Phaneuf Karl Alzner 40 1 2 2
Penalty Kill - 3 Players Forward
Forward Time % Phy DF OF
1 Joe Pavelski 60 1 2 2
2 Brandon Dubinsky 40 1 2 2
Penalty Kill - 3 Players Defense
Defense Defense Time % Phy DF OF
1 Drew Doughty Tyler Cuma 60 1 2 2
2 Dion Phaneuf Karl Alzner 40 1 2 2
4 vs 4 Forward
Center Wing Time % Phy DF OF
1 Joe Pavelski Brandon Dubinsky 60 1 2 2
2 Wayne Simmonds Ronalds Kenins 40 1 2 2
4 vs 4 Defense
Defense Defense Time % Phy DF OF
1 Drew Doughty Tyler Cuma 60 1 2 2
2 Dion Phaneuf Karl Alzner 40 1 2 2
Last Minutes Offensive
Center Left Wing Right Wing Defense Defense
Brandon Dubinsky Ronalds Kenins Joe Pavelski Drew Doughty Tyler Cuma
Last Minutes Defensive
Center Left Wing Right Wing Defense Defense
Brandon Dubinsky Ronalds Kenins Joe Pavelski Drew Doughty Tyler Cuma
Goaltenders
Starting : Philipp Grubauer
Backup : Malcolm Subban
Extra Forwards
Normal : David Booth, Conor Sheary, Loui Eriksson - PP : David Booth, Conor Sheary - PK : Loui Eriksson
Extra Defensemen
Normal : Markus Nutivaara, MacKenzie Weegar, Dion Phaneuf - PP : Markus Nutivaara - PK : MacKenzie Weegar, Dion Phaneuf
Penalty Shots
Joe Pavelski, Brandon Dubinsky, Wayne Simmonds, Ronalds Kenins, Daniel Carcillo
Scratches
Arturs Kulda (Healthy), Marek Svatos (Healthy), Mike Lundin (Broken Ribs Injury)
Blues
5 vs 5 Forward
Center Left Wing Right Wing Time % Phy DF OF
1 Nathan MacKinnon Filip Forsberg Tyler Johnson 40 1 2 2
2 Adam Henrique David Perron Nikolaj Ehlers 30 1 2 2
3 Devin Shore Matt Martin Devin Setoguchi 20 1 2 2
4 Drew Shore Samuel Morin Nick Schmaltz 10 1 2 2
5 vs 5 Defense
Defense Defense Time % Phy DF OF
1 Alex Pietrangelo Jacob Slavin 40 1 2 2
2 Cody Ceci Seth Jones 30 1 2 2
3 Martin Marincin Brandon Montour 20 1 2 2
4 Seth Jones Brandon Montour 10 1 2 2
PowerPlay Forward
Center Left Wing Right Wing Time % Phy DF OF
1 Adam Henrique Filip Forsberg Tyler Johnson 60 1 2 2
2 Nathan MacKinnon David Perron Nikolaj Ehlers 40 1 2 2
PowerPlay Defense
Defense Defense Time % Phy DF OF
1 Alex Pietrangelo Jacob Slavin 60 1 2 2
2 Brandon Montour Seth Jones 40 1 2 2
Penalty Kill 4 Players Forward
Center Wing Time % Phy DF OF
1 Drew Shore Tyler Johnson 60 1 2 2
2 Devin Shore Samuel Morin 40 1 2 2
Penalty Kill 4 Players Defense
Defense Defense Time % Phy DF OF
1 Cody Ceci Martin Marincin 60 1 2 2
2 Jacob Slavin Brandon Montour 40 1 2 2
Penalty Kill - 3 Players Forward
Forward Time % Phy DF OF
1 Devin Shore 60 1 2 2
2 Drew Shore 40 1 2 2
Penalty Kill - 3 Players Defense
Defense Defense Time % Phy DF OF
1 Cody Ceci Martin Marincin 60 1 2 2
2 Seth Jones Brandon Montour 40 1 2 2
4 vs 4 Forward
Center Wing Time % Phy DF OF
1 Adam Henrique Filip Forsberg 60 1 2 2
2 Nathan MacKinnon Tyler Johnson 40 1 2 2
4 vs 4 Defense
Defense Defense Time % Phy DF OF
1 Alex Pietrangelo Martin Marincin 60 1 2 2
2 Brandon Montour Seth Jones 40 1 2 2
Last Minutes Offensive
Center Left Wing Right Wing Defense Defense
Nathan MacKinnon Filip Forsberg Tyler Johnson Alex Pietrangelo Seth Jones
Last Minutes Defensive
Center Left Wing Right Wing Defense Defense
Drew Shore Samuel Morin Tyler Johnson Cody Ceci Martin Marincin
Goaltenders
Starting : Carey Price
Backup : Joonas Korpisalo
Extra Forwards
Normal : Nikolaj Ehlers, Devin Shore, Nick Schmaltz - PP : Devin Setoguchi, Devin Shore - PK : Tyler Johnson
Extra Defensemen
Normal : Martin Marincin, Brandon Montour, Jacob Slavin - PP : Brandon Montour - PK : Alex Pietrangelo, Brandon Montour
Penalty Shots
David Perron, Matt Martin, Filip Forsberg, Devin Shore, Tyler Johnson
Scratches
Linus Omark (Healthy), Patrick Kaleta (Healthy)
% Time on Ice - Sharks
Lines # - Real PCT - Wanted PCT - Time Play
Normal Forward
1 - 37% - 40% - 17:04
2 - 26% - 30% - 11:48
3 - 23% - 20% - 10:37
4 - 14% - 10% - 6:35
Normal Defense
1 - 42% - 40% - 19:09
2 - 31% - 30% - 14:18
3 - 24% - 20% - 10:56
4 - 4% - 10% - 1:41
PP Forward
1 - 55% - 60% - 3:15
2 - 45% - 40% - 2:42
PP Defense
1 - 52% - 60% - 3:06
2 - 48% - 40% - 2:51
PK Forward
1 - 76% - 60% - 6:03
2 - 24% - 40% - 1:56
PK Defense
1 - 64% - 60% - 5:05
2 - 36% - 40% - 2:54
PK3 Forward
1 - 0% - 60%
2 - 0% - 40%
PK3 Defense
1 - 0% - 60%
2 - 0% - 40%
44 Forward
1 - 0% - 60%
2 - 0% - 40%
44 Defense
1 - 0% - 60%
2 - 0% - 40%
Last Minute Offensive - 0:00
Last Minute Defensive - 0:00
Total
Forward - 60:00
Defense - 60:00
|
% Time on Ice - Blues
Lines # - Real PCT - Wanted PCT - Time Play
Normal Forward
1 - 36% - 40% - 16:41
2 - 26% - 30% - 11:49
3 - 25% - 20% - 11:20
4 - 14% - 10% - 6:14
Normal Defense
1 - 40% - 40% - 18:29
2 - 32% - 30% - 14:58
3 - 21% - 20% - 9:50
4 - 6% - 10% - 2:47
PP Forward
1 - 52% - 60% - 4:09
2 - 48% - 40% - 3:50
PP Defense
1 - 75% - 60% - 5:58
2 - 25% - 40% - 2:01
PK Forward
1 - 77% - 60% - 4:35
2 - 23% - 40% - 1:22
PK Defense
1 - 58% - 60% - 3:27
2 - 42% - 40% - 2:30
PK3 Forward
1 - 0% - 60%
2 - 0% - 40%
PK3 Defense
1 - 0% - 60%
2 - 0% - 40%
44 Forward
1 - 0% - 60%
2 - 0% - 40%
44 Defense
1 - 0% - 60%
2 - 0% - 40%
Last Minute Offensive - 0:00
Last Minute Defensive - 0:00
Total
Forward - 60:00
Defense - 60:00
|
Play-by-Play
1st period
0:01 of 1st period - Tyler Johnson wins face-off versus Joe Pavelski in neutral zone.
0:04 of 1st period - Snap shot by Filip Forsberg.
0:04 of 1st period - Shot Blocked by Tyler Cuma.
0:06 of 1st period - Snap shot by Filip Forsberg.
0:06 of 1st period - Deflect By Drew Doughty.
0:06 of 1st period - Shot Misses the Net.
0:06 of 1st period - Puck is out of play.
0:07 of 1st period - Brandon Dubinsky wins face-off versus Nathan MacKinnon in Sharks zone.
0:14 of 1st period - Wrist shot by Joe Pavelski.
0:14 of 1st period - Shot Misses the Net.
0:20 of 1st period - Snap shot by Brandon Dubinsky.
0:20 of 1st period - Shot Misses the Net.
0:56 of 1st period - Wrist shot by Filip Forsberg.
0:56 of 1st period - Shot Misses the Net.
0:58 of 1st period - Slapshot by Alex Pietrangelo.
0:58 of 1st period - Shot Misses the Net.
1:00 of 1st period - Wrist shot by Tyler Johnson.
1:00 of 1st period - Goal by Tyler Johnson - Sharks : 0 - Blues : 1.
1:01 of 1st period - Adam Henrique wins face-off versus Boone Jenner in neutral zone.
1:16 of 1st period - Dion Phaneuf is hit by Seth Jones.
1:28 of 1st period - Cody Ceci is hit by David Booth and loses puck.
1:55 of 1st period - Snap shot by Brendan Gaunce.
1:55 of 1st period - Shot Misses the Net.
2:18 of 1st period - Snap shot by Daniel Carcillo.
2:18 of 1st period - Stopped by Carey Price without a rebound.
2:19 of 1st period - Boone Jenner wins face-off versus Adam Henrique in Blues zone.
3:04 of 1st period - Snap shot by Tyler Johnson.
3:04 of 1st period - Stopped by Philipp Grubauer without a rebound.
3:05 of 1st period - Nathan MacKinnon wins face-off versus Oscar Sundqvist in Sharks zone.
3:12 of 1st period - Snap shot by Tyler Johnson.
3:12 of 1st period - Shot Misses the Net.
3:14 of 1st period - Snap shot by Nathan MacKinnon.
3:14 of 1st period - Shot Misses the Net.
3:16 of 1st period - Snap shot by Tyler Johnson.
3:16 of 1st period - Stopped by Philipp Grubauer without a rebound.
3:17 of 1st period - Adam Henrique wins face-off versus Boone Jenner in Sharks zone.
3:34 of 1st period - Wrist shot by Adam Henrique.
3:34 of 1st period - Stopped by Philipp Grubauer with a rebound.
4:11 of 1st period - Martin Marincin is hit by Conor Sheary and loses puck.
4:51 of 1st period - Snap shot by Nikolaj Ehlers.
4:51 of 1st period - Stopped by Philipp Grubauer without a rebound.
4:52 of 1st period - Adam Henrique wins face-off versus Brandon Dubinsky in Sharks zone.
4:53 of 1st period - Slapshot by Alex Pietrangelo.
4:53 of 1st period - Deflect By Brandon Dubinsky.
4:53 of 1st period - Stopped by Philipp Grubauer without a rebound.
4:54 of 1st period - Boone Jenner wins face-off versus Adam Henrique in Sharks zone.
4:54 of 1st period - Boone Jenner is hit by Jacob Slavin.
5:04 of 1st period - Wrist shot by Daniel Carcillo.
5:04 of 1st period - Stopped by Carey Price with a rebound.
5:17 of 1st period - Icing by Alex Pietrangelo.
5:18 of 1st period - Brandon Dubinsky wins face-off versus Nathan MacKinnon in Blues zone.
5:19 of 1st period - Snap shot by Joe Pavelski.
5:19 of 1st period - Stopped by Carey Price without a rebound.
5:20 of 1st period - Nathan MacKinnon wins face-off versus Ronalds Kenins in Blues zone.
5:27 of 1st period - Wrist shot by Tyler Johnson.
5:27 of 1st period - Stopped by Philipp Grubauer with a rebound.
6:14 of 1st period - Off-side.
6:15 of 1st period - Brandon Dubinsky wins face-off versus Adam Henrique in neutral zone.
8:15 of 1st period - Slapshot by Wayne Simmonds.
8:15 of 1st period - Stopped by Carey Price with a rebound.
8:45 of 1st period - Icing by MacKenzie Weegar.
8:46 of 1st period - Oscar Sundqvist wins face-off versus Nathan MacKinnon in Sharks zone.
8:59 of 1st period - Slapshot by Ronalds Kenins.
8:59 of 1st period - Shot Misses the Net.
9:01 of 1st period - Snap shot by Joe Pavelski.
9:01 of 1st period - Deflect By Brandon Montour.
9:01 of 1st period - Shot Misses the Net.
9:01 of 1st period - Puck is out of play.
9:02 of 1st period - Boone Jenner wins face-off versus Adam Henrique in Blues zone.
9:07 of 1st period - Slapshot by Boone Jenner.
9:07 of 1st period - Stopped by Carey Price without a rebound.
9:08 of 1st period - Nikolaj Ehlers wins face-off versus Boone Jenner in Blues zone.
9:17 of 1st period - Drew Doughty is hit by Adam Henrique and loses puck.
10:00 of 1st period - Wrist shot by Samuel Morin.
10:00 of 1st period - Shot Misses the Net.
10:02 of 1st period - Wrist shot by Drew Shore.
10:02 of 1st period - Stopped by Philipp Grubauer without a rebound.
10:03 of 1st period - Drew Shore wins face-off versus Boone Jenner in Sharks zone.
10:28 of 1st period - Dion Phaneuf is hit by Cody Ceci and loses puck.
10:33 of 1st period - Wrist shot by Nathan MacKinnon.
10:33 of 1st period - Stopped by Philipp Grubauer with a rebound.
11:01 of 1st period - Dion Phaneuf is hit by Jacob Slavin and loses puck.
11:41 of 1st period - Snap shot by Daniel Carcillo.
11:41 of 1st period - Stopped by Carey Price without a rebound.
11:42 of 1st period - Brandon Dubinsky wins face-off versus Devin Shore in Blues zone.
11:43 of 1st period - Snap shot by Ronalds Kenins.
11:43 of 1st period - Stopped by Carey Price with a rebound.
11:45 of 1st period - Snap shot by Drew Doughty.
11:45 of 1st period - Stopped by Carey Price with a rebound.
11:47 of 1st period - Snap shot by Tyler Cuma.
11:47 of 1st period - Shot Blocked by Devin Shore.
11:49 of 1st period - Snap shot by Ronalds Kenins.
11:49 of 1st period - Shot Blocked by Seth Jones.
12:29 of 1st period - Slapshot by Nikolaj Ehlers.
12:29 of 1st period - Deflect By MacKenzie Weegar.
12:29 of 1st period - Goal by Nikolaj Ehlers - Sharks : 0 - Blues : 2.
12:30 of 1st period - Joe Pavelski wins face-off versus Nathan MacKinnon in neutral zone.
12:43 of 1st period - Wrist shot by Tyler Johnson.
12:43 of 1st period - Stopped by Philipp Grubauer without a rebound.
12:44 of 1st period - Nathan MacKinnon wins face-off versus Brandon Dubinsky in Sharks zone.
13:44 of 1st period - Snap shot by Loui Eriksson.
13:44 of 1st period - Stopped by Carey Price with a rebound.
13:46 of 1st period - Snap shot by Gustav Nyquist.
13:46 of 1st period - Goal by Gustav Nyquist - Sharks : 1 - Blues : 2.
13:47 of 1st period - Nathan MacKinnon wins face-off versus Brandon Dubinsky in neutral zone.
14:04 of 1st period - Filip Forsberg is hit by Joe Pavelski and loses puck.
14:55 of 1st period - Daniel Carcillo is hit by Samuel Morin and loses puck.
15:12 of 1st period - Snap shot by Wayne Simmonds.
15:12 of 1st period - Shot Blocked by Jacob Slavin.
15:14 of 1st period - Wrist shot by Daniel Carcillo.
15:14 of 1st period - Stopped by Carey Price without a rebound.
15:15 of 1st period - Brandon Dubinsky wins face-off versus Nathan MacKinnon in Blues zone.
15:34 of 1st period - Brandon Dubinsky is hit by Nathan MacKinnon.
15:54 of 1st period - Snap shot by David Booth.
15:54 of 1st period - Stopped by Carey Price without a rebound.
15:55 of 1st period - Brendan Gaunce wins face-off versus Adam Henrique in Blues zone.
16:59 of 1st period - Wrist shot by Wayne Simmonds.
16:59 of 1st period - Stopped by Carey Price with a rebound.
17:11 of 1st period - Wrist shot by Nick Schmaltz.
17:11 of 1st period - Stopped by Philipp Grubauer with a rebound.
17:21 of 1st period - Slapshot by Samuel Morin.
17:21 of 1st period - Shot Blocked by Wayne Simmonds.
17:23 of 1st period - Snap shot by Samuel Morin.
17:23 of 1st period - Stopped by Philipp Grubauer without a rebound.
17:24 of 1st period - Nathan MacKinnon wins face-off versus Brandon Dubinsky in Sharks zone.
17:30 of 1st period - Minor Penalty to Joe Pavelski for Roughing.
17:31 of 1st period - Filip Forsberg wins face-off versus Loui Eriksson in Sharks zone.
17:39 of 1st period - Wrist shot by Adam Henrique.
17:39 of 1st period - Shot Misses the Net.
17:41 of 1st period - Wrist shot by Tyler Johnson.
17:41 of 1st period - Shot Misses the Net.
19:30 of 1st period - Penalty to Joe Pavelski is over, Joe Pavelski is back on ice.
19:38 of 1st period - Joe Pavelski is hit by Samuel Morin and loses puck.
Goals for this period are 1 for Sharks vs 2 for Blues.
Shots for this period are 13 for Sharks vs 13 for Blues.
2nd period
0:01 of 2nd period - Nathan MacKinnon wins face-off versus Brandon Dubinsky in neutral zone.
0:08 of 2nd period - Snap shot by Nathan MacKinnon.
0:08 of 2nd period - Stopped by Philipp Grubauer without a rebound.
0:09 of 2nd period - Brandon Dubinsky wins face-off versus Nathan MacKinnon in Sharks zone.
0:09 of 2nd period - Brandon Dubinsky is hit by Alex Pietrangelo.
0:19 of 2nd period - Ronalds Kenins is hit by Alex Pietrangelo and loses puck.
0:28 of 2nd period - Snap shot by Filip Forsberg.
0:28 of 2nd period - Stopped by Philipp Grubauer without a rebound.
0:29 of 2nd period - Adam Henrique wins face-off versus Oscar Sundqvist in Sharks zone.
0:34 of 2nd period - Wrist shot by Nikolaj Ehlers.
0:34 of 2nd period - Stopped by Philipp Grubauer with a rebound.
0:36 of 2nd period - Snap shot by David Perron.
0:36 of 2nd period - Shot Blocked by Conor Sheary.
0:38 of 2nd period - Snap shot by Nikolaj Ehlers.
0:38 of 2nd period - Shot Misses the Net.
0:40 of 2nd period - Slapshot by Adam Henrique.
0:40 of 2nd period - Shot Misses the Net.
0:46 of 2nd period - Snap shot by Adam Henrique.
0:46 of 2nd period - Stopped by Philipp Grubauer without a rebound.
0:47 of 2nd period - Nathan MacKinnon wins face-off versus Brandon Dubinsky in Sharks zone.
0:48 of 2nd period - Wrist shot by Filip Forsberg.
0:48 of 2nd period - Shot Misses the Net.
1:10 of 2nd period - Minor Penalty to Nathan MacKinnon for Holding Stick.
1:11 of 2nd period - Drew Shore wins face-off versus Brandon Dubinsky in Blues zone.
1:16 of 2nd period - Brandon Dubinsky is hit by Drew Shore and loses puck.
1:37 of 2nd period - Tyler Johnson is hit by Wayne Simmonds and loses puck.
2:08 of 2nd period - Snap shot by Samuel Morin.
2:08 of 2nd period - Stopped by Philipp Grubauer with a rebound.
2:20 of 2nd period - Brandon Montour is hit by Dion Phaneuf and loses puck.
3:10 of 2nd period - Penalty to Nathan MacKinnon is over, Nathan MacKinnon is back on ice.
3:17 of 2nd period - Boone Jenner is hit by Alex Pietrangelo and loses puck.
3:21 of 2nd period - Icing by Boone Jenner.
3:22 of 2nd period - Boone Jenner wins face-off versus Adam Henrique in Sharks zone.
3:35 of 2nd period - Snap shot by Conor Sheary.
3:35 of 2nd period - Shot Misses the Net.
3:52 of 2nd period - Snap shot by Conor Sheary.
3:52 of 2nd period - Shot Blocked by Seth Jones.
3:54 of 2nd period - Slapshot by Karl Alzner.
3:54 of 2nd period - Shot Blocked by Seth Jones.
4:18 of 2nd period - Alex Pietrangelo is hit by Joe Pavelski and loses puck.
4:33 of 2nd period - Oscar Sundqvist is hit by Jacob Slavin and loses puck.
4:38 of 2nd period - Snap shot by Seth Jones.
4:38 of 2nd period - Stopped by Philipp Grubauer with a rebound.
4:40 of 2nd period - Snap shot by Nick Schmaltz.
4:40 of 2nd period - Shot Misses the Net.
4:42 of 2nd period - Wrist shot by Drew Shore.
4:42 of 2nd period - Shot Misses the Net.
4:44 of 2nd period - Slapshot by Seth Jones.
4:44 of 2nd period - Shot Blocked by Conor Sheary.
5:18 of 2nd period - Wrist shot by Brandon Dubinsky.
5:18 of 2nd period - Shot Hit the Post.
5:50 of 2nd period - Minor Penalty to Tyler Cuma for High sticking.
5:51 of 2nd period - Joe Pavelski wins face-off versus Adam Henrique in Sharks zone.
6:06 of 2nd period - Wrist shot by Filip Forsberg.
6:06 of 2nd period - Shot Blocked by Brandon Dubinsky.
6:59 of 2nd period - Adam Henrique is hit by Drew Doughty and loses puck.
7:50 of 2nd period - Penalty to Tyler Cuma is over, Tyler Cuma is back on ice.
8:29 of 2nd period - Slapshot by Conor Sheary.
8:29 of 2nd period - Stopped by Carey Price with a rebound.
8:31 of 2nd period - Snap shot by David Booth.
8:31 of 2nd period - Stopped by Carey Price with a rebound.
8:57 of 2nd period - Brandon Montour is hit by Wayne Simmonds.
9:11 of 2nd period - Wrist shot by Gustav Nyquist.
9:11 of 2nd period - Goal by Gustav Nyquist - Sharks : 2 - Blues : 2.
9:12 of 2nd period - Nathan MacKinnon wins face-off versus Daniel Carcillo in neutral zone.
9:22 of 2nd period - Snap shot by Wayne Simmonds.
9:22 of 2nd period - Stopped by Carey Price with a rebound.
9:24 of 2nd period - Snap shot by MacKenzie Weegar.
9:24 of 2nd period - Deflect By Boone Jenner.
9:24 of 2nd period - Shot Blocked by Filip Forsberg.
9:24 of 2nd period - Puck is out of play.
9:25 of 2nd period - Joe Pavelski wins face-off versus Nathan MacKinnon in Blues zone.
9:45 of 2nd period - Minor Penalty to Joe Pavelski for Hooking.
9:46 of 2nd period - Adam Henrique wins face-off versus Loui Eriksson in Sharks zone.
9:46 of 2nd period - Slapshot by Alex Pietrangelo.
9:46 of 2nd period - Deflect By Filip Forsberg.
9:46 of 2nd period - Stopped by Philipp Grubauer with a rebound.
9:48 of 2nd period - Wrist shot by Filip Forsberg.
9:48 of 2nd period - Goal by Filip Forsberg - Sharks : 2 - Blues : 3.
9:49 of 2nd period - Nathan MacKinnon wins face-off versus Brandon Dubinsky in neutral zone.
10:16 of 2nd period - Minor Penalty to Adam Henrique for Tripping.
10:17 of 2nd period - Drew Shore wins face-off versus Brandon Dubinsky in Blues zone.
10:44 of 2nd period - Cody Ceci is hit by Tyler Cuma and loses puck.
12:16 of 2nd period - Penalty to Adam Henrique is over, Adam Henrique is back on ice.
12:17 of 2nd period - Brandon Montour is hit by Tyler Cuma.
12:27 of 2nd period - Snap shot by Nathan MacKinnon.
12:27 of 2nd period - Shot Hit the Post.
12:37 of 2nd period - Wrist shot by David Perron.
12:37 of 2nd period - Goal by David Perron - Sharks : 2 - Blues : 4.
12:38 of 2nd period - Nathan MacKinnon wins face-off versus Oscar Sundqvist in neutral zone.
13:08 of 2nd period - Brandon Dubinsky is hit by Matt Martin and loses puck.
13:50 of 2nd period - Tyler Cuma is hit by Tyler Johnson.
14:14 of 2nd period - Wrist shot by Oscar Sundqvist.
14:14 of 2nd period - Stopped by Carey Price without a rebound.
14:15 of 2nd period - Oscar Sundqvist wins face-off versus Adam Henrique in Blues zone.
14:42 of 2nd period - Snap shot by Conor Sheary.
14:42 of 2nd period - Deflect By Oscar Sundqvist.
14:42 of 2nd period - Stopped by Carey Price with a rebound.
14:44 of 2nd period - Slapshot by Karl Alzner.
14:44 of 2nd period - Stopped by Carey Price without a rebound.
14:45 of 2nd period - Nathan MacKinnon wins face-off versus Brandon Dubinsky in Blues zone.
15:37 of 2nd period - Slapshot by Seth Jones.
15:37 of 2nd period - Stopped by Philipp Grubauer without a rebound.
15:38 of 2nd period - Adam Henrique wins face-off versus Boone Jenner in Sharks zone.
15:47 of 2nd period - Slapshot by Seth Jones.
15:47 of 2nd period - Stopped by Philipp Grubauer with a rebound.
15:49 of 2nd period - Snap shot by Nikolaj Ehlers.
15:49 of 2nd period - Goal by Nikolaj Ehlers - Sharks : 2 - Blues : 5.
15:50 of 2nd period - Brandon Dubinsky wins face-off versus Nathan MacKinnon in neutral zone.
16:17 of 2nd period - Jacob Slavin is hit by Boone Jenner and loses puck.
16:26 of 2nd period - Backhand shot by Wayne Simmonds.
16:26 of 2nd period - Shot Blocked by David Perron.
16:47 of 2nd period - Minor Penalty to Devin Setoguchi for Interference.
16:48 of 2nd period - Drew Shore wins face-off versus Brandon Dubinsky in Blues zone.
16:58 of 2nd period - Tyler Johnson is hit by Drew Doughty and loses puck.
18:00 of 2nd period - Jacob Slavin is hit by Joe Pavelski.
18:46 of 2nd period - Devin Shore is hit by Loui Eriksson and loses puck.
18:47 of 2nd period - Penalty to Devin Setoguchi is over, Devin Setoguchi is back on ice.
19:09 of 2nd period - Icing by Seth Jones.
19:10 of 2nd period - Adam Henrique wins face-off versus Brendan Gaunce in Blues zone.
19:35 of 2nd period - Snap shot by Tyler Johnson.
19:35 of 2nd period - Stopped by Philipp Grubauer without a rebound.
19:36 of 2nd period - Nathan MacKinnon wins face-off versus Ronalds Kenins in Sharks zone.
Goals for this period are 1 for Sharks vs 3 for Blues.
Shots for this period are 7 for Sharks vs 13 for Blues.
3rd period
0:01 of 3rd period - Brandon Dubinsky wins face-off versus Nathan MacKinnon in neutral zone.
0:36 of 3rd period - Wrist shot by Daniel Carcillo.
0:36 of 3rd period - Goal by Daniel Carcillo - Sharks : 3 - Blues : 5.
0:37 of 3rd period - Nathan MacKinnon wins face-off versus Brandon Dubinsky in neutral zone.
1:04 of 3rd period - Boone Jenner is hit by David Perron and loses puck.
2:49 of 3rd period - Off-side.
2:50 of 3rd period - Devin Shore wins face-off versus Oscar Sundqvist in neutral zone.
3:01 of 3rd period - Snap shot by Devin Setoguchi.
3:01 of 3rd period - Deflect By Tyler Cuma.
3:01 of 3rd period - Shot Blocked by Oscar Sundqvist.
3:01 of 3rd period - Puck is out of play.
3:02 of 3rd period - Joe Pavelski wins face-off versus Nathan MacKinnon in Sharks zone.
3:13 of 3rd period - Snap shot by Joe Pavelski.
3:13 of 3rd period - Goal by Joe Pavelski - Sharks : 4 - Blues : 5.
3:14 of 3rd period - Nathan MacKinnon wins face-off versus Brandon Dubinsky in neutral zone.
3:47 of 3rd period - Snap shot by Nikolaj Ehlers.
3:47 of 3rd period - Stopped by Philipp Grubauer without a rebound.
3:48 of 3rd period - Adam Henrique wins face-off versus Boone Jenner in Sharks zone.
3:54 of 3rd period - Off-side.
3:55 of 3rd period - Brandon Dubinsky wins face-off versus Adam Henrique in neutral zone.
4:04 of 3rd period - Snap shot by Ronalds Kenins.
4:04 of 3rd period - Deflect By Joe Pavelski.
4:04 of 3rd period - Deflect By Seth Jones.
4:04 of 3rd period - Shot Blocked by Seth Jones.
4:04 of 3rd period - Puck is out of play.
4:05 of 3rd period - Nathan MacKinnon wins face-off versus Brandon Dubinsky in Blues zone.
4:11 of 3rd period - Off-side.
4:12 of 3rd period - Boone Jenner wins face-off versus Nathan MacKinnon in neutral zone.
4:19 of 3rd period - Wrist shot by Daniel Carcillo.
4:19 of 3rd period - Shot Blocked by Alex Pietrangelo.
4:21 of 3rd period - Slapshot by Drew Doughty.
4:21 of 3rd period - Stopped by Carey Price without a rebound.
4:22 of 3rd period - Nathan MacKinnon wins face-off versus Boone Jenner in Blues zone.
4:34 of 3rd period - Minor Penalty to Wayne Simmonds for Interference.
4:35 of 3rd period - Adam Henrique wins face-off versus Joe Pavelski in Sharks zone.
5:12 of 3rd period - Icing by Jacob Slavin.
5:13 of 3rd period - Loui Eriksson wins face-off versus Nathan MacKinnon in Blues zone.
6:04 of 3rd period - Brandon Dubinsky is hit by Alex Pietrangelo and loses puck.
6:34 of 3rd period - Penalty to Wayne Simmonds is over, Wayne Simmonds is back on ice.
6:40 of 3rd period - Off-side.
6:41 of 3rd period - Devin Shore wins face-off versus Boone Jenner in neutral zone.
7:06 of 3rd period - Seth Jones is hit by David Booth and loses puck.
7:33 of 3rd period - Cody Ceci is hit by Brandon Dubinsky and loses puck.
8:47 of 3rd period - Minor Penalty to Markus Nutivaara for Boarding.
8:48 of 3rd period - Joe Pavelski wins face-off versus Adam Henrique in Sharks zone.
8:59 of 3rd period - Slapshot by Tyler Johnson.
8:59 of 3rd period - Shot Misses the Net.
9:20 of 3rd period - Nathan MacKinnon is hit by Brandon Dubinsky and loses puck.
9:46 of 3rd period - Snap shot by Ronalds Kenins.
9:46 of 3rd period - Stopped by Carey Price with a rebound.
10:43 of 3rd period - David Perron is hit by Brandon Dubinsky and loses puck.
10:47 of 3rd period - Penalty to Markus Nutivaara is over, Markus Nutivaara is back on ice.
10:54 of 3rd period - Oscar Sundqvist is hit by Devin Shore and loses puck.
12:24 of 3rd period - Slapshot by Markus Nutivaara.
12:24 of 3rd period - Shot Misses the Net.
12:26 of 3rd period - Slapshot by Markus Nutivaara.
12:26 of 3rd period - Stopped by Carey Price without a rebound.
12:27 of 3rd period - Nathan MacKinnon wins face-off versus Brendan Gaunce in Blues zone.
12:54 of 3rd period - Wayne Simmonds is hit by Devin Shore and loses puck.
13:05 of 3rd period - Snap shot by Devin Shore.
13:05 of 3rd period - Deflect By Devin Setoguchi.
13:05 of 3rd period - Stopped by Philipp Grubauer with a rebound.
13:17 of 3rd period - Snap shot by Brandon Dubinsky.
13:17 of 3rd period - Shot Misses the Net.
13:19 of 3rd period - Snap shot by Ronalds Kenins.
13:19 of 3rd period - Stopped by Carey Price with a rebound.
13:21 of 3rd period - Snap shot by Brandon Dubinsky.
13:21 of 3rd period - Stopped by Carey Price without a rebound.
13:22 of 3rd period - Brandon Dubinsky wins face-off versus Nathan MacKinnon in Blues zone.
13:54 of 3rd period - David Perron is hit by Wayne Simmonds and loses puck.
14:08 of 3rd period - Icing by David Perron.
14:09 of 3rd period - Devin Shore wins face-off versus Oscar Sundqvist in Blues zone.
14:52 of 3rd period - Snap shot by Matt Martin.
14:52 of 3rd period - Stopped by Philipp Grubauer with a rebound.
14:54 of 3rd period - Slapshot by Martin Marincin.
14:54 of 3rd period - Shot Blocked by Dion Phaneuf.
14:56 of 3rd period - Slapshot by Martin Marincin.
14:56 of 3rd period - Shot Misses the Net.
14:58 of 3rd period - Slapshot by Brandon Montour.
14:58 of 3rd period - Shot Blocked by David Booth.
15:00 of 3rd period - Snap shot by Devin Setoguchi.
15:00 of 3rd period - Shot Misses the Net.
15:02 of 3rd period - Wrist shot by Martin Marincin.
15:02 of 3rd period - Stopped by Philipp Grubauer with a rebound.
15:13 of 3rd period - Wrist shot by Matt Martin.
15:13 of 3rd period - Shot Misses the Net.
15:15 of 3rd period - Slapshot by Martin Marincin.
15:15 of 3rd period - Stopped by Philipp Grubauer without a rebound.
15:16 of 3rd period - Tyler Johnson wins face-off versus Brandon Dubinsky in Sharks zone.
15:17 of 3rd period - Snap shot by Filip Forsberg.
15:17 of 3rd period - Deflect By Nathan MacKinnon.
15:17 of 3rd period - Shot Misses the Net.
15:17 of 3rd period - Puck is out of play.
15:18 of 3rd period - Nathan MacKinnon wins face-off versus Brandon Dubinsky in Sharks zone.
15:21 of 3rd period - Slapshot by Nathan MacKinnon.
15:21 of 3rd period - Stopped by Philipp Grubauer with a rebound.
15:49 of 3rd period - Snap shot by Adam Henrique.
15:49 of 3rd period - Shot Misses the Net.
15:51 of 3rd period - Snap shot by David Perron.
15:51 of 3rd period - Stopped by Philipp Grubauer with a rebound.
15:53 of 3rd period - Wrist shot by Nikolaj Ehlers.
15:53 of 3rd period - Stopped by Philipp Grubauer with a rebound.
15:55 of 3rd period - Slapshot by Jacob Slavin.
15:55 of 3rd period - Stopped by Philipp Grubauer with a rebound.
16:07 of 3rd period - Slapshot by Drew Doughty.
16:07 of 3rd period - Deflect By Loui Eriksson.
16:07 of 3rd period - Shot Blocked by Seth Jones.
16:07 of 3rd period - Puck is out of play.
16:08 of 3rd period - Drew Shore wins face-off versus Brendan Gaunce in Blues zone.
16:33 of 3rd period - Devin Shore is hit by Dion Phaneuf and loses puck.
16:38 of 3rd period - Wrist shot by Markus Nutivaara.
16:38 of 3rd period - Shot Misses the Net.
16:40 of 3rd period - Slapshot by MacKenzie Weegar.
16:40 of 3rd period - Shot Blocked by Cody Ceci.
16:44 of 3rd period - Wrist shot by Oscar Sundqvist.
16:44 of 3rd period - Shot Misses the Net.
16:46 of 3rd period - Slapshot by MacKenzie Weegar.
16:46 of 3rd period - Shot Misses the Net.
17:22 of 3rd period - Wrist shot by Nick Schmaltz.
17:22 of 3rd period - Goal by Nick Schmaltz - Sharks : 4 - Blues : 6.
17:23 of 3rd period - Oscar Sundqvist wins face-off versus Devin Shore in neutral zone.
17:55 of 3rd period - Snap shot by Tyler Johnson.
17:55 of 3rd period - Stopped by Philipp Grubauer with a rebound.
18:17 of 3rd period - Brandon Montour is hit by Wayne Simmonds and loses puck.
18:40 of 3rd period - Wrist shot by Adam Henrique.
18:40 of 3rd period - Stopped by Philipp Grubauer with a rebound.
18:42 of 3rd period - Wrist shot by David Perron.
18:42 of 3rd period - Stopped by Philipp Grubauer without a rebound.
18:43 of 3rd period - Oscar Sundqvist wins face-off versus Devin Shore in Sharks zone.
18:58 of 3rd period - Slapshot by Alex Pietrangelo.
18:58 of 3rd period - Deflect By Devin Setoguchi.
18:58 of 3rd period - Shot Blocked by David Booth.
18:58 of 3rd period - Puck is out of play.
18:59 of 3rd period - Brandon Dubinsky wins face-off versus Nathan MacKinnon in Sharks zone.
19:12 of 3rd period - Ronalds Kenins is hit by Filip Forsberg and loses puck.
19:25 of 3rd period - Alex Pietrangelo is hit by Oscar Sundqvist and loses puck.
19:32 of 3rd period - Snap shot by Conor Sheary.
19:32 of 3rd period - Shot Blocked by Devin Setoguchi.
19:34 of 3rd period - Snap shot by Dion Phaneuf.
19:34 of 3rd period - Deflect By Matt Martin.
19:34 of 3rd period - Stopped by Carey Price with a rebound.
Goals for this period are 2 for Sharks vs 1 for Blues.
Shots for this period are 8 for Sharks vs 13 for Blues.